 Dungeon Crawl Stone Soup version 0.19.4-9-g45fd643 (webtiles) character file.

0 Gargoyl the Skirmisher (level 1, -4/19 HPs)
             Began as a Ghoul Abyssal Knight on Feb 20, 2017.
             Was a Follower of Lugonu.
             Slain by a thrashing horror (8 damage)
             ... on level 2 of the Abyss.
             The game lasted 00:01:17 (365 turns).

Gargoyl the Skirmisher (Ghoul Abyssal Knight)        Turns: 365, Time: 00:01:17

Health: -4/19      AC:  4    Str: 15    XL:     1   Next: 0%
Magic:  1/1        EV: 11    Int:  7    God:    Lugonu [*.....]
Gold:   18         SH:  0    Dex:  8    Spells: 0 memorised, 0 levels left

rFire  . . .     SeeInvis .     a - +1 hand axe
rCold  + . .     Gourm    .     b - +0 leather armour
rNeg   + + +     Faith    .     (no shield)
rPois  ∞         Spirit   .     f - +0 helmet
rElec  .         Reflect  .     (no cloak)
rCorr  .         Harm     .     (no gloves)
MR     .....                    (no boots)
Stlth  +.........               (no amulet)
                                (no ring)
                                (no ring)

@: rotting
A: rotting body, claws 1, carnivore 3, cold resistance 1, negative energy
resistance 3, slow regeneration 1, torment resistance, unbreathing
a: Depart the Abyss, Renounce Religion


You were on level 2 of the Abyss.
You worshipped Lugonu.
Lugonu was aware of your devotion.
You were not hungry.

You visited 0 branches of the dungeon, and saw 0 of its levels.
You visited the Abyss 1 time.

You collected 18 gold pieces.

Inventory:

Hand Weapons
 a - a +1 hand axe (weapon)
Armour
 b - a +0 leather armour (worn)
 f - a +0 helmet (worn)
Potions
 d - a potion of berserk rage {unknown}
 e - a potion of flight {unknown}
 g - a potion of agility {unknown}
Comestibles
 c - a meat ration


   Skills:
 + Level 3.2 Fighting
 + Level 1.7 Axes
 + Level 1.7 Armour
 + Level 0.8 Dodging
 + Level 2.0 Invocations


You couldn't memorise any spells.
You didn't know any spells.

Dungeon Overview and Level Annotations

Branches:
Dungeon (0/15)

Altars:


Innate Abilities, Weirdness & Mutations

Your body is rotting away.
You thrive on raw meat.
You are immune to poison.
You have sharp fingernails.
You are carnivorous and can eat meat at any time.
Your flesh is cold resistant. (rC+)
You are immune to negative energy. (rN+++)
You regenerate slowly when monsters are visible.
You are immune to unholy pain and torment.
You can survive without breathing.


Message History

Found 22 gold pieces. 2 thrashing horrors come into view.
The thrashing horror roars! x2
The blink frog blinks!
The thrashing horror tramples you.
You hold your ground!
The thrashing horror tramples you.
You hold your ground!
The blink frog blinks!
The thrashing horror closely misses you.
The thrashing horror tramples you but does no damage.
Unknown command.
The thrashing horror roars!
The thrashing horror closely misses you.
The thrashing horror tramples you!
* * * LOW HITPOINT WARNING * * *
You hold your ground!
The thrashing horror closely misses you.
The thrashing horror tramples you but does no damage.
Unknown command.
The thrashing horror roars!
The thrashing horror tramples you!
You die...

#. ... .#.#.. ##
#..### .## #
#.#.#.#.# F.
#####......# ##
#.. F.#... .# ##
#..#.######.###.##
... #.§F#..##.....
# ##.#.#X.#..##
###F.#X@...#
#...$.#...#..#
#.##.#....... ...
#..##.###..# .
#... ... ...#
#....#.... ..#.#
...#.#.#.#.. .##..
... ## .##. .# #.


You could see 2 thrashing horrors.

Vanquished Creatures (others)
  A lurking horror (Abyss:1)
1 creature vanquished.

Notes
Turn   | Place    | Note
-------+----------+-------------------------------------------
     0 | Abyss:1  | Gargoyl the Ghoul Abyssal Knight began the quest for the Orb.
     0 | Abyss:1  | Reached XP level 1. HP: 19/19 MP: 1/1
   100 | Abyss:1  | Found a corrupted altar of Lugonu.
   179 | Abyss:1  | Found a corrupted altar of Lugonu.
   188 | Abyss:1  | Noticed a small abomination
   320 | Abyss:2  | Found a corrupted altar of Lugonu.
   333 | Abyss:2  | Noticed a smoke demon
   349 | Abyss:2  | Noticed a blink frog
   349 | Abyss:2  | Noticed a blink frog
   350 | Abyss:2  | Noticed a blink frog
   361 | Abyss:2  | Noticed a thrashing horror
   361 | Abyss:2  | Noticed a thrashing horror
   365 | Abyss:2  | Slain by a thrashing horror

Action                   || total
-------------------------++-------
  Use: Scroll            ||     2
Armor: Leather armour    ||     3
Dodge: Dodged            ||     3
